APP
SEATTLE (APP) MARINERS @ BOSTON (APP) RED SOX
05/09/2044
 
TOP OF THE 1ST
Seattle (APP) Mariners batting - Pitching for Boston (APP) Red Sox : LHP Jon Convery
Pitching: LHP Jon Convery
Batting: SHB Tony Morales 0-0: Ball
1-0: Ball
2-0: Foul Ball, location: 2F
2-1: Foul Ball, location: 2F
2-2: Strikes out swinging
Batting: RHB Chris Van Niel 0-0: Fly out, F7 (Flyball, 78S, EV 79.4 MPH)
Batting: RHB Tze-meng Li 0-0: Foul Ball, location: 2F
0-1: Ball
1-1: Swinging Strike
1-2: Foul Ball, location: 2F
1-2: Ball
2-2: SINGLE (Line Drive, 9S, EV 106.9 MPH)
Batting: SHB Garrett McKenna 0-0: Ball
1-0: Called Strike
1-1: Foul Ball, location: 2F
1-2: Ball
2-2: Ball
3-2: Strikes out looking
Top of the 1st over - 0 runs, 1 hit, 0 errors, 1 left on base; Seattle (APP) 0 - Boston (APP) 0
BOTTOM OF THE 1ST
Boston (APP) Red Sox batting - Pitching for Seattle (APP) Mariners : RHP Luis Castro
Pitching: RHP Luis Castro
Batting: LHB Stanislav Parusov 0-0: Swinging Strike
0-1: Foul Ball, location: 2F
0-2: Ball
1-2: Foul Ball, location: 2F
1-2: Ball
2-2: Ground out 6-3 (Groundball, 6M, EV 89.4 MPH)
Batting: RHB William Lung 0-0: Ball
1-0: Ball
2-0: Ball
3-0: Base on Balls
Batting: LHB Eddie Contreras 0-0: Ball
1-0: Ball
2-0: Ball
3-0: Called Strike
3-1: Foul Ball, location: 2F
3-2: Base on Balls
William Lung to second
Batting: RHB Frank Sokolosky 0-0: Swinging Strike
0-1: Foul Ball, location: 2F
0-2: Ball
1-2: Foul Ball, location: 2F
1-2: SINGLE (Groundball, 6D, EV 108.8 MPH)
William Lung to third
Eddie Contreras to second
Batting: RHB Matt Hinkle 0-0: Ball
1-0: Ball
2-0: Called Strike
2-1: Ball
3-1: Called Strike
3-2: Base on Balls
William Lung scores
Eddie Contreras to third
Frank Sokolosky to second
Batting: RHB John Doucette 0-0: Foul Ball, location: 2F
0-1: Ball
1-1: Ball
2-1: SINGLE (Groundball, 6MD, EV 96.9 MPH)
Eddie Contreras scores
Frank Sokolosky to third
Matt Hinkle to second
Runner from 3rd tries for Home, SAFE, throw by CF to home
Batting: RHB Dominique Paolozzi 0-0: Called Strike
Matt Hinkle steals 3rd base (no throw)
John Doucette to second
0-1: Swinging Strike
0-2: Foul Ball, location: 2F
0-2: Ball
1-2: Ground out 1-3 (Groundball, 13S, EV 71.9 MPH)
Batting: RHB Rogelio Cervantes 0-0: DOUBLE (Groundball, 5L, EV 108.8 MPH)
Matt Hinkle scores
John Doucette scores
Batting: RHB Joe Booth 0-0: Called Strike
0-1: DOUBLE (Flyball, 8RXD, EV 105.0 MPH)
Rogelio Cervantes scores
Batting: LHB Stanislav Parusov 0-0: Called Strike
0-1: Foul Ball, location: 2F
0-2: Ball
1-2: Ball
2-2: Ground out 4-3 (Groundball, 4, EV 108.1 MPH)
Bottom of the 1st over - 6 runs, 4 hits, 0 errors, 1 left on base; Seattle (APP) 0 - Boston (APP) 6
TOP OF THE 2ND
Seattle (APP) Mariners batting - Pitching for Boston (APP) Red Sox : LHP Jon Convery
Batting: RHB Ivan Davila 0-0: Swinging Strike
0-1: Called Strike
0-2: Ball
1-2: Ground out 5-3 (Groundball, 56, EV 103.1 MPH)
Batting: RHB Enrique Valdez 0-0: Ball
1-0: Called Strike
1-1: Ball
2-1: SINGLE (Groundball, 4MD, EV 96.3 MPH)
Batting: RHB David Greene 0-0: Grounds into double play, 4-6-3 (Groundball, 4, EV 100.0 MPH)
Top of the 2nd over - 0 runs, 1 hit, 0 errors, 0 left on base; Seattle (APP) 0 - Boston (APP) 6
BOTTOM OF THE 2ND
Boston (APP) Red Sox batting - Pitching for Seattle (APP) Mariners : RHP Luis Castro
Batting: RHB William Lung 0-0: Ball
1-0: Ball
2-0: Called Strike
2-1: Foul Ball, location: 2F
2-2: Ground out 1-3 (Groundball, 13S, EV 66.9 MPH)
Batting: LHB Eddie Contreras 0-0: Ball
1-0: Foul Ball, location: 2F
1-1: Ball
2-1: Foul Ball, location: 2F
2-2: Strikes out swinging
Batting: RHB Frank Sokolosky 0-0: Called Strike
0-1: Ball
1-1: Foul Ball, location: 2F
1-2: Foul Ball, location: 2F
1-2: Foul Ball, location: 2F
1-2: Ball
2-2: Strikes out swinging
Bottom of the 2nd over - 0 runs, 0 hits, 0 errors, 0 left on base; Seattle (APP) 0 - Boston (APP) 6
TOP OF THE 3RD
Seattle (APP) Mariners batting - Pitching for Boston (APP) Red Sox : LHP Jon Convery
Batting: LHB Ryan Daniels 0-0: Fly out, F6 (Popup, 6M, EV 56.3 MPH)
Batting: RHB Franklin Romero 0-0: Ball
1-0: Swinging Strike
1-1: Swinging Strike
1-2: Ball
2-2: Ball
3-2: Foul Ball, location: 2F
3-2: Foul Ball, location: 2F
3-2: Strikes out swinging
Batting: SHB Tony Morales 0-0: Foul Ball, location: 2F
0-1: Foul Ball, location: 2F
0-2: Foul Ball, location: 2F
0-2: Ball
1-2: Ball
2-2: Foul Ball, location: 2F
2-2: Strikes out swinging
Top of the 3rd over - 0 runs, 0 hits, 0 errors, 0 left on base; Seattle (APP) 0 - Boston (APP) 6
BOTTOM OF THE 3RD
Boston (APP) Red Sox batting - Pitching for Seattle (APP) Mariners : RHP Luis Castro
Batting: RHB Matt Hinkle 0-0: Foul Ball, location: 2F
0-1: Ball
1-1: Ball
2-1: Ball
3-1: Foul Ball, location: 2F
3-2: Base on Balls
Batting: RHB John Doucette 0-0: Called Strike
0-1: Foul Ball, location: 2F
0-2: Ball
1-2: Ball
2-2: Ball
3-2: Foul Ball, location: 2F
3-2: Base on Balls
Matt Hinkle to second
Batting: RHB Dominique Paolozzi 0-0: Called Strike
0-1: Ball
1-1: Ball
2-1: 3-RUN HOME RUN (Flyball, 9D, EV 93.8 MPH), Distance : 372 ft
Pitching: RHP Chris Julien
Batting: RHB Rogelio Cervantes 0-0: Called Strike
0-1: Foul Ball, location: 2F
0-2: Ball
1-2: Ball
2-2: TRIPLE (Flyball, 89XD, EV 95.0 MPH)
Batting: RHB Joe Booth 0-0: Ball
1-0: Ball
2-0: Ball
3-0: Called Strike
3-1: Called Strike
3-2: Base on Balls
Batting: LHB Stanislav Parusov 0-0: Called Strike
0-1: Swinging Strike
0-2: Ball
1-2: Ball
2-2: Ball
3-2: Base on Balls
Joe Booth to second
Batting: RHB William Lung 0-0: Ball
1-0: Foul Ball, location: 2F
1-1: Ball
2-1: Called Strike
2-2: Fielders Choice at 2nd, 6-4 (Groundball, 6M, EV 86.9 MPH)
Rogelio Cervantes scores
Joe Booth to third
Pitching: LHP Ben Burton
Batting: LHB Eddie Contreras 0-0: Ball
1-0: Fly out, F5 (Popup, 5SF, EV 80.6 MPH)
Batting: RHB Frank Sokolosky 0-0: Called Strike
0-1: Swinging Strike
0-2: Foul Ball, location: 2F
0-2: Foul Ball, location: 2F
0-2: Ball
1-2: Ball
2-2: Strikes out looking
Bottom of the 3rd over - 4 runs, 2 hits, 0 errors, 2 left on base; Seattle (APP) 0 - Boston (APP) 10
TOP OF THE 4TH
Seattle (APP) Mariners batting - Pitching for Boston (APP) Red Sox : LHP Jon Convery
Pitching: RHP Victor Fuentes
Batting: RHB Chris Van Niel 0-0: Called Strike
0-1: Ball
1-1: Foul Ball, location: 2F
1-2: Foul Ball, location: 2F
1-2: Foul Ball, location: 2F
1-2: Ball
2-2: Ball
3-2: Ground out U3 (Groundball, 34, EV 106.9 MPH)
Batting: RHB Tze-meng Li 0-0: SINGLE (Groundball, 5S, EV 68.1 MPH) (infield hit)
Batting: SHB Garrett McKenna 0-0: SINGLE (Line Drive, 8LS, EV 95.0 MPH)
Tze-meng Li to second
Batting: RHB Ivan Davila 0-0: Foul Ball, location: 2F
0-1: Ball
1-1: Fly out, F8 (Line Drive, 8LD, EV 95.6 MPH)
Batting: RHB Enrique Valdez 0-0: Foul Ball, location: 2F
0-1: Ball
1-1: Called Strike
1-2: Fielders Choice at 2nd, 6-4 (Groundball, 6, EV 83.8 MPH)
Top of the 4th over - 0 runs, 2 hits, 0 errors, 2 left on base; Seattle (APP) 0 - Boston (APP) 10
BOTTOM OF THE 4TH
Boston (APP) Red Sox batting - Pitching for Seattle (APP) Mariners : LHP Ben Burton
Batting: RHB Matt Hinkle 0-0: Foul Ball, location: 2F
0-1: Ball
1-1: Ball
2-1: Ball
3-1: SINGLE (Groundball, 56S, EV 68.8 MPH) (infield hit)
Batting: RHB John Doucette 0-0: Called Strike
0-1: Ball
1-1: Ball
2-1: Ball
3-1: Base on Balls
Matt Hinkle to second
Pitching: RHP Sid Lampone
Batting: RHB Dominique Paolozzi 0-0: Fly out, F8 (Flyball, 78M, EV 88.8 MPH)
Batting: RHB Rogelio Cervantes 0-0: Called Strike
0-1: Called Strike
0-2: Ball
1-2: Foul Ball, location: 2F
1-2: Grounds into double play, 6-4-3 (Groundball, 6, EV 98.1 MPH)
Bottom of the 4th over - 0 runs, 1 hit, 0 errors, 1 left on base; Seattle (APP) 0 - Boston (APP) 10
TOP OF THE 5TH
Seattle (APP) Mariners batting - Pitching for Boston (APP) Red Sox : RHP Victor Fuentes
Batting: RHB David Greene 0-0: Ball
1-0: Ground out 3-1 (Groundball, 34, EV 85.0 MPH)
Batting: LHB Ryan Daniels 0-0: Called Strike
0-1: Ball
1-1: Swinging Strike
1-2: Foul Ball, location: 2F
1-2: Ball
2-2: Foul Ball, location: 2F
2-2: Strikes out looking
Batting: RHB Franklin Romero 0-0: Ball
1-0: Ball
2-0: Fly out, F8 (Flyball, 8RD, EV 96.9 MPH)
Top of the 5th over - 0 runs, 0 hits, 0 errors, 0 left on base; Seattle (APP) 0 - Boston (APP) 10
BOTTOM OF THE 5TH
Boston (APP) Red Sox batting - Pitching for Seattle (APP) Mariners : RHP Sid Lampone
Batting: RHB Joe Booth 0-0: Called Strike
0-1: Foul Ball, location: 2F
0-2: Strikes out looking
Batting: LHB Stanislav Parusov 0-0: Foul Ball, location: 2F
0-1: Ball
1-1: Foul Ball, location: 2F
1-2: SINGLE (Groundball, 6S, EV 63.1 MPH) (infield hit)
Batting: RHB William Lung 0-0: Ball
Wild Pitch!
Stanislav Parusov to second
1-0: Called Strike
1-1: Ball
2-1: Ball
3-1: Base on Balls
Pitching: RHP Matt Lane
Batting: LHB Eddie Contreras 0-0: SINGLE (Groundball, 34D, EV 95.0 MPH)
Stanislav Parusov to third
William Lung to second
Batting: RHB Frank Sokolosky 0-0: Swinging Strike
0-1: Ball
1-1: Foul Ball, location: 2F
1-2: Ball
2-2: Foul Ball, location: 2F
2-2: Fly out, F8 (Flyball, 89D, EV 83.8 MPH)
Runner from 3rd tags up, OUT at HOME! 8-2
Bottom of the 5th over - 0 runs, 2 hits, 0 errors, 2 left on base; Seattle (APP) 0 - Boston (APP) 10
TOP OF THE 6TH
Seattle (APP) Mariners batting - Pitching for Boston (APP) Red Sox : RHP Victor Fuentes
Batting: SHB Tony Morales 0-0: Ball
1-0: Ball
2-0: Called Strike
2-1: Foul Ball, location: 2F
2-2: Fly out, F8 (Flyball, 8RXD, EV 100.0 MPH)
Pitching: RHP Victor Escobar
Batting: RHB Chris Van Niel 0-0: Ball
1-0: Ground out 5-3 (Groundball, 56S, EV 70.6 MPH)
Batting: RHB Tze-meng Li 0-0: Foul Ball, location: 2F
0-1: SINGLE (Line Drive, 8RS, EV 106.3 MPH)
Batting: SHB Garrett McKenna 0-0: Ball
1-0: Ball
2-0: Called Strike
2-1: Swinging Strike
2-2: Ball
3-2: Foul Ball, location: 2F
3-2: Foul Ball, location: 2F
3-2: SINGLE (Groundball, 4D, EV 96.9 MPH)
Tze-meng Li to second
Tze-meng Li to third
Batting: RHB Ivan Davila 0-0: Foul Ball, location: 2F
0-1: Swinging Strike
0-2: Ball
1-2: Strikes out swinging
Top of the 6th over - 0 runs, 2 hits, 0 errors, 2 left on base; Seattle (APP) 0 - Boston (APP) 10
BOTTOM OF THE 6TH
Boston (APP) Red Sox batting - Pitching for Seattle (APP) Mariners : RHP Matt Lane
Batting: RHB Matt Hinkle 0-0: Called Strike
0-1: Swinging Strike
0-2: Ball
1-2: Foul Ball, location: 2F
1-2: DOUBLE (Flyball, 8LXD, EV 104.4 MPH)
Batting: RHB John Doucette 0-0: Ball
1-0: Foul Ball, location: 2F
1-1: Reached on error, E6 (Groundball, 6, EV 85.6 MPH)
Matt Hinkle to third
Batting: RHB Dominique Paolozzi 0-0: Called Strike
0-1: Called Strike
0-2: Foul Ball, location: 2F
0-2: 3-RUN HOME RUN (Flyball, 78XD, EV 110.0 MPH), Distance : 413 ft
Pitching: RHP Fernando Jasso
Batting: RHB Rogelio Cervantes 0-0: Foul Ball, location: 2F
0-1: Ball
1-1: Called Strike
1-2: Strikes out swinging
Batting: RHB Joe Booth 0-0: Ball
1-0: Swinging Strike
1-1: Fly out, F8 (Flyball, 8RM, EV 84.4 MPH)
Batting: LHB Stanislav Parusov 0-0: Called Strike
0-1: Ball
1-1: Called Strike
1-2: Foul Ball, location: 2F
1-2: Ball
2-2: Ball
3-2: Foul Ball, location: 2F
3-2: Base on Balls
Batting: RHB William Lung 0-0: Called Strike
0-1: Ball
1-1: Foul Ball, location: 2F
1-2: Ball
2-2: Ball
3-2: Base on Balls
Stanislav Parusov to second
Batting: LHB Eddie Contreras 0-0: Called Strike
0-1: Ball
1-1: Swinging Strike
1-2: Strikes out swinging
Bottom of the 6th over - 3 runs, 2 hits, 1 error, 2 left on base; Seattle (APP) 0 - Boston (APP) 13
TOP OF THE 7TH
Seattle (APP) Mariners batting - Pitching for Boston (APP) Red Sox : RHP Victor Escobar
Batting: RHB Enrique Valdez 0-0: Foul Ball, location: 2F
0-1: Foul Ball, location: 2F
0-2: Strikes out swinging
Batting: RHB David Greene 0-0: Swinging Strike
0-1: Foul Ball, location: 2F
0-2: Ball
1-2: Ball
2-2: Ground out 5-3 (Groundball, 5, EV 82.5 MPH)
Batting: LHB Ryan Daniels 0-0: Foul Ball, location: 2F
0-1: Called Strike
0-2: DOUBLE (Line Drive, 5D, EV 98.1 MPH)
Batting: RHB Franklin Romero 0-0: Ball
1-0: Foul Ball, location: 2F
1-1: Called Strike
1-2: Strikes out swinging
Top of the 7th over - 0 runs, 1 hit, 0 errors, 1 left on base; Seattle (APP) 0 - Boston (APP) 13
BOTTOM OF THE 7TH
Boston (APP) Red Sox batting - Pitching for Seattle (APP) Mariners : RHP Fernando Jasso
Batting: RHB Frank Sokolosky 0-0: Foul Ball, location: 2F
0-1: SINGLE (Line Drive, 7LM, EV 100.0 MPH)
Batting: RHB Matt Hinkle 0-0: Called Strike
0-1: Ball
1-1: Fly out, F7 (Flyball, 7LD, EV 94.4 MPH)
Batting: RHB John Doucette 0-0: Ball
1-0: Fly out, F9 (Flyball, 9S, EV 86.9 MPH)
Batting: RHB Dominique Paolozzi 0-0: Called Strike
0-1: Ball
1-1: Ball
2-1: SINGLE (Flyball, 6D, EV 97.5 MPH)
Frank Sokolosky to second
Batting: RHB Rogelio Cervantes 0-0: Called Strike
0-1: Ball
1-1: Ball
2-1: SINGLE (Line Drive, 5D, EV 96.3 MPH)
Frank Sokolosky to third
Dominique Paolozzi to second
Batting: RHB Joe Booth 0-0: Ball
1-0: Fly out, F8 (Flyball, 8RS, EV 84.4 MPH)
Bottom of the 7th over - 0 runs, 3 hits, 0 errors, 3 left on base; Seattle (APP) 0 - Boston (APP) 13
TOP OF THE 8TH
Seattle (APP) Mariners batting - Pitching for Boston (APP) Red Sox : RHP Victor Escobar
Batting: SHB Tony Morales 0-0: Ball
1-0: Foul Ball, location: 2F
1-1: Foul Ball, location: 2F
1-2: Foul Ball, location: 2F
1-2: Ball
2-2: Fly out, F9 (Flyball, 89S, EV 75.0 MPH)
Pitching: RHP Rich Brown
Batting: RHB Chris Van Niel 0-0: Fly out, F9 (Flyball, 89M, EV 89.4 MPH)
Batting: RHB Tze-meng Li 0-0: Ball
1-0: Fly out, F7 (Flyball, 7, EV 85.0 MPH)
Top of the 8th over - 0 runs, 0 hits, 0 errors, 0 left on base; Seattle (APP) 0 - Boston (APP) 13
BOTTOM OF THE 8TH
Boston (APP) Red Sox batting - Pitching for Seattle (APP) Mariners : RHP Fernando Jasso
Pitching: LHP Adam Parrish
Batting: LHB Stanislav Parusov 0-0: Ball
1-0: Called Strike
1-1: Swinging Strike
1-2: Foul Ball, location: 2F
1-2: DOUBLE (Line Drive, 3D, EV 96.9 MPH)
Batting: RHB William Lung 0-0: 2-RUN HOME RUN (Flyball, 7D, EV 94.4 MPH), Distance : 370 ft
Batting: LHB Eddie Contreras 0-0: Ball
1-0: Called Strike
1-1: SINGLE (Groundball, 4D, EV 101.9 MPH)
Batting: RHB Frank Sokolosky 0-0: Ball
1-0: Ball
2-0: SINGLE (Line Drive, 89M, EV 106.3 MPH)
Eddie Contreras to second
Batting: RHB Matt Hinkle 0-0: Swinging Strike
0-1: Ball
1-1: Swinging Strike
1-2: Strikes out swinging
Batting: RHB John Doucette 0-0: Ball
1-0: Ball
2-0: Foul Ball, location: 2F
2-1: SINGLE (Groundball, 4MD, EV 105.6 MPH)
Eddie Contreras to third
Frank Sokolosky to second
Pitching: RHP Mike Conaway
Batting: RHB Dominique Paolozzi 0-0: Ball
1-0: Swinging Strike
1-1: Ball
Wild Pitch!
Eddie Contreras scores
Frank Sokolosky to third
John Doucette to second
2-1: Called Strike
2-2: SINGLE (Line Drive, 7S, EV 98.1 MPH)
Frank Sokolosky scores
John Doucette to third
Runner from 3rd tries for Home, SAFE, throw by LF to home
Batting: RHB Rogelio Cervantes 0-0: Ball
1-0: Called Strike
1-1: Ball
2-1: Ball
3-1: Foul Ball, location: 2F
3-2: Foul Ball, location: 2F
3-2: Foul Ball, location: 2F
3-2: Base on Balls
Dominique Paolozzi to second
Batting: RHB Joe Booth 0-0: Ball
1-0: Foul Ball, location: 2F
1-1: Ball
2-1: Foul Ball, location: 2F
2-2: Ball
3-2: Foul Ball, location: 2F
3-2: Base on Balls
Dominique Paolozzi to third
Rogelio Cervantes to second
Pitching: RHP Chris Olheiser
Batting: LHB Stanislav Parusov 0-0: Swinging Strike
0-1: Ball
Wild Pitch!
Dominique Paolozzi scores
Rogelio Cervantes to third
Joe Booth to second
1-1: Ball
2-1: Ball
3-1: Foul Ball, location: 2F
3-2: Base on Balls
Batting: RHB William Lung 0-0: Called Strike
0-1: Ball
Wild Pitch!
Rogelio Cervantes scores
Joe Booth to third
Stanislav Parusov to second
1-1: Ball
2-1: Ball
Wild Pitch!
Joe Booth scores
Stanislav Parusov to third
3-1: Base on Balls
Batting: LHB Eddie Contreras 0-0: Ball
Wild Pitch!
Stanislav Parusov scores
William Lung to second
1-0: Called Strike
1-1: Foul Ball, location: 2F
1-2: DOUBLE (Line Drive, 7LS, EV 111.3 MPH)
William Lung scores
Batting: RHB Frank Sokolosky 0-0: 2-RUN HOME RUN (Flyball, 7D, EV 98.1 MPH), Distance : 383 ft
Pitching: RHP Marty Maginnis
Batting: RHB Matt Hinkle 0-0: Ball
1-0: Foul Ball, location: 2F
1-1: Called Strike
1-2: Foul Ball, location: 2F
1-2: Fly out, F4 (Popup, 4, EV 64.4 MPH)
Batting: RHB John Doucette 0-0: Called Strike
0-1: Ball
1-1: Fly out, F8 (Flyball, 8RS, EV 80.6 MPH)
Bottom of the 8th over - 12 runs, 8 hits, 0 errors, 0 left on base; Seattle (APP) 0 - Boston (APP) 25
TOP OF THE 9TH
Seattle (APP) Mariners batting - Pitching for Boston (APP) Red Sox : RHP Rich Brown
DELAY Rain delay of 16 minutes in the 9th inning.
Batting: SHB Garrett McKenna 0-0: Called Strike
0-1: Ball
1-1: Foul Ball, location: 2F
1-2: Strikes out swinging
Batting: RHB Ivan Davila 0-0: Ball
1-0: Foul Ball, location: 2F
1-1: Ball
2-1: Foul Ball, location: 2F
2-2: Foul Ball, location: 2F
2-2: Strikes out looking
Batting: RHB Enrique Valdez 0-0: Ground out 4-3 (Groundball, 4S, EV 84.4 MPH)
Top of the 9th over - 0 runs, 0 hits, 0 errors, 0 left on base; Seattle (APP) 0 - Boston (APP) 25
Thursday, March 31st , 2022 - OOTP Baseball 22.12 Build 89